AoeStats
← [GG] Shevchenko 7

Nomad

506766064Analyzed
3v3 RM · 19d ago on Sep 15, 2026· 50m 38s· 6 players
Game mode
Random Map
Map size
210×210
Population
200
Speed
Normal
Resources
Standard
Victory
Conquest
Starting age
Dark Age
Ending age
Imperial Age
RankedLock teamsTeams togetherTeam positionsShared explorationLock speedFull tech treeHidden civsTurbo modeCheats
Victory
Defeat
🇧🇷 Magyars · Brazil
1022
+16
🇧🇷 Huns · Brazil
1018
+17
1012
+17
🇦🇷 Celts · Argentina
1052
-18
🇨🇴 Sicilians · Colombia
1049
-17
🇧🇷 Romans · Brazil
996
-15
[GG] Raúl González Blanco
5:41 Loom
15:16 Feudal Age
19:31 Bloodlines
20:00 Town Watch
21:04 Scale Barding Armor
24:37 Castle Age
24:51 Crossbowman
30:05 Fletching
35:19 Kamandaran
41:10 Town Patrol
41:54 Bodkin Arrow
42:20 Chain Barding Armor
46:28 Imperial Age
45:04 Padded Archer Armor
[GG] Shevchenko 7
2:57 Loom
16:34 Feudal Age
18:03 Fletching
18:14 Padded Archer Armor
23:03 Castle Age
23:01 Forging
22:57 Double-Bit Axe
22:55 Horse Collar
26:38 Crossbowman
29:06 Thumb Ring
39:08 Wheelbarrow
43:16 Imperial Age
41:29 Hand Cart
44:30 Imperial Age
43:28 Hand Cart
43:51 Scale Barding Armor
44:22 Iron Casting
43:48 Scale Mail Armor
43:44 Bodkin Arrow
47:31 Blast Furnace
46:52 Chain Barding Armor
46:47 Chain Mail Armor
46:09 Pikeman
46:50 Squires
47:38 Leather Archer Armor
[GG] Trezeguet
3:07 Loom
16:46 Feudal Age
17:49 Double-Bit Axe
19:13 Scale Mail Armor
20:33 Scale Barding Armor
21:22 Bloodlines
25:24 Castle Age
26:27 Wheelbarrow
27:03 Corvinian Army
28:49 Hand Cart
28:58 Chain Barding Armor
28:54 Chain Mail Armor
30:06 Horse Collar
30:57 Bow Saw
32:02 Light Cavalry
32:42 Husbandry
46:47 Imperial Age
rafaelchaves
6:21 Loom
14:32 Feudal Age
14:52 Man-at-Arms
16:01 Double-Bit Axe
18:35 Forging
24:55 Castle Age
23:39 Fletching
25:09 Long Swordsman
26:11 Bow Saw
26:41 Iron Casting
26:03 Bodkin Arrow
31:33 Pikeman
32:14 Squires
nicolahsxas
5:17 Loom
12:34 Feudal Age
13:15 Man-at-Arms
15:38 Wheelbarrow
15:39 Forging
16:55 Scale Mail Armor
22:35 Castle Age
22:52 Pikeman
22:53 Long Swordsman
24:06 Gold Mining
24:31 Horse Collar
25:00 Gambesons
26:01 Double-Bit Axe
36:01 Imperial Age
35:52 Iron Casting
35:08 Fletching
35:21 Padded Archer Armor
38:28 Hand Cart
39:07 Two-Handed Swordsman
42:53 Elite Skirmisher
44:23 Bodkin Arrow
44:44 Leather Archer Armor
44:44 Chain Mail Armor
45:30 Blast Furnace
44:50 Bow Saw
45:12 Champion
49:08 Ballistics
49:49 Chemistry
Pato Cales
4:33 Loom
18:34 Feudal Age
22:42 Arson
23:57 Wheelbarrow
25:18 Fishing Lines
28:49 Castle Age
30:07 Gillnets
31:00 Scale Mail Armor
31:10 Forging
33:58 Pikeman
35:57 Scale Barding Armor
36:54 Husbandry
37:05 Bloodlines
Connection lost

Rejoining the realm…

Still unreachable

The connection could not be restored.

Session expired

The server has moved on; the page needs a fresh start.